 Dungeon Crawl Stone Soup version 0.29.0-11-gd7f09526c8 (webtiles) character file.

Game seed: 7471248943736261882

3255 LustLizard the Thaumaturge (level 10, -1/74 HPs)
             Began as a Gnoll Wanderer on Sept 4, 2022.
             Was an Initiate of Ashenzari.
             Slain by an orc warrior
             ... wielding a +0 battleaxe of freezing
              (3 damage)
             ... on level 8 of the Dungeon.
             The game lasted 00:22:18 (8431 turns).

LustLizard the Thaumaturge (Gnoll Wanderer)         Turns: 8431, Time: 00:22:20

Health: -1/74      AC:  6    Str: 10    XL:     10   Next: 0%
Magic:  0/22       EV: 13    Int: 18    God:    Ashenzari [......]
Gold:   407        SH:  0    Dex: 11    Spells: 18/26 levels left

rFire   . . .      SeeInvis .   C - +2 spear (venom)
rCold   . . .      Faith    .   (no shield)
rNeg    . . .      Spirit   .   y - +2 robe
rPois   +          Reflect  .   (no helmet)
rElec   .          Harm     .   Q - +0 cloak
rCorr   .          Rampage  .   (no gloves)
Will    .....                   N - +0 pair of boots
Stlth   +.........              (no amulet)
HPRegen 0.22/turn               k - ring of wizardry
MPRegen 0.18/turn               G - ring "Thunder Perfect Mind" {rPois, Fort, Melee} (curse)

@: confused, about to teleport
A: fangs 1, strong nose, distributed training
a: Renounce Religion, Shatter the Chains


You were on level 8 of the Dungeon.
You worshipped Ashenzari.
Ashenzari was noncommittal.
You visited 2 branches of the dungeon, and saw 9 of its levels.

You collected 407 gold pieces.

Inventory:

Hand Weapons
 a - a +0 sling
 q - a +0 club
 s - a +3 hand axe
 z - a +4 spear
 C - a +2 spear of venom (weapon)
 I - a +2 whip of holy wrath
 O - a +2 whip of electrocution
Missiles
 t - 6 boomerangs
 A - 2 throwing nets
Armour
 d - a +0 robe
 i - a +0 ring mail
 y - a +2 robe (worn)
 N - a +0 pair of boots (worn)
 Q - a +0 cloak (worn)
Jewellery
 k - a ring of wizardry (left hand)
 x - a ring of protection from cold
 G - the cursed ring "Thunder Perfect Mind" (right hand) {rPois, Fort, Melee}
   (You found it on level 5 of the Dungeon)

   [ring of poison resistance]

   rPois:     It protects you from poison.
   It has a curse which improves the following skills: Fortitude: Armour and
   Shields.
   Melee Combat: Short Blades, Long Blades, Axes, Maces & Flails, Polearms,
   Staves and Unarmed Combat.
 J - a +4 ring of evasion
 M - a ring of willpower
Wands
 L - a wand of paralysis (7)
Scrolls
 c - a scroll of blinking
 l - 4 scrolls of fear {unknown}
 o - 2 scrolls of amnesia {unknown}
 p - a scroll of poison {unknown}
 u - a scroll of butterflies {unknown}
 w - a scroll of summoning {unknown}
 E - a scroll of immolation {unknown}
 F - a scroll of vulnerability {unknown}
 H - 2 scrolls of noise {unknown}
 R - a scroll of enchant armour {unknown}
Potions
 f - a potion of degeneration
 g - 5 potions of flight
 h - 3 potions of curing
 j - 4 potions of heal wounds
 m - 2 potions of lignification
 n - a potion of might
 r - a potion of ambrosia {unknown}
 v - a potion of cancellation {unknown}
 B - a potion of brilliance
 D - a potion of haste {unknown}
 K - a potion of invisibility {unknown}
 P - a potion of mutation {unknown}
Miscellaneous
 b - a piece from Xom's chessboard (15/15)


   Skills:
 + Level 5.0 Fighting
 + Level 5.0(5.4) Short Blades
 + Level 5.0(5.4) Long Blades
 + Level 5.0(5.4) Axes
 + Level 5.0(5.4) Maces & Flails
 + Level 5.0(5.4) Polearms
 + Level 5.0(5.4) Staves
 + Level 5.6 Ranged Weapons
 + Level 5.0 Throwing
 + Level 5.0(5.4) Armour
 + Level 5.0 Dodging
 + Level 5.0 Stealth
 + Level 5.0(5.4) Shields
 + Level 5.0(5.4) Unarmed Combat
 + Level 8.8 Spellcasting
 + Level 4.1 Conjurations
 + Level 4.1 Hexes
 + Level 4.1 Summonings
 + Level 4.1 Necromancy
 + Level 4.1 Translocations
 + Level 4.1 Transmutations
 + Level 6.9 Fire Magic
 + Level 4.1 Ice Magic
 + Level 4.1 Air Magic
 + Level 4.1 Earth Magic
 + Level 4.1 Poison Magic
 + Level 5.4 Invocations
 + Level 8.3 Evocations


You had 18 spell levels left.
You knew the following spells:

 Your Spells              Type           Power      Damage    Failure   Level
a - Foxfire               Conj/Fire      100%       2x1d9     1%          1
b - Static Discharge      Conj/Air       22%        3-6/arc   1%          2
c - Lightning Bolt        Conj/Air       11%        1d24      19%         5

Your spell library contained the following spells:

 Spells                   Type           Power      Damage    Failure   Level
 Scorch                   Fire           64%        2d8       1%          2
 Conjure Flame            Conj/Fire      27%        6-21      1%          3
 Gell's Gravitas          Tloc           22%        N/A       1%          3
 Ignite Poison            Fire/Tmut/Pois 26%        N/A       1%          3
 Lesser Beckoning         Tloc           22%        N/A       1%          3
 Teleport Other           Tloc           22%        N/A       1%          3
 Flame Wave               Conj/Fire      27%        2d9       4%          4
 Summon Cactus Giant      Summ           11%        N/A       67%         6
 Maxwell's Capacitive Co  Air            11%        ∞         100%        8


Dungeon Overview and Level Annotations

Branches:
Dungeon (8/15)             Temple (1/1) D:6
   Lair: D:8-11

Altars:
Ashenzari
Cheibriados
Elyvilon
Hepliaklqana
Makhleb
Nemelex Xobeh
Qazlal
Sif Muna
Trog
Uskayaw
Vehumet
Yredelemnul

Shops:
D:5 (   D:7 *

Annotations:
D:4 exclusion: downstairs


Innate Abilities, Weirdness & Mutations

You have very sharp teeth.
Your uncanny sense of smell can sniff out nearby items.
Your experience applies equally to all skills.


Message History

Your Maces & Flails skill increases to level 5!
Your Polearms skill increases to level 5!
Your Staves skill increases to level 5!
Your Throwing skill increases to level 5!
Your Armour skill increases to level 5!
Your Dodging skill increases to level 5!
Your Stealth skill increases to level 5!
Your Shields skill increases to level 5!
Your Unarmed Combat skill increases to level 5!
You have reached level 10!
Blink to where?
Press: ? - help, Dir - move target
As you read the scroll of blinking, it crumbles to dust.
The orc wizard shouts!
Casting: Foxfire (safe; 1% risk of failure)
Confirm with . or Enter, or press ? or * to list all spells.
You conjure some foxfire!
You closely miss the orc wizard.
The foxfire hits the orc wizard but does no damage.
The foxfire hits the orc wizard.
The orc wizard is moderately wounded.
You hit the orc wizard.
The orc wizard is heavily wounded.
The orc wizard hits you with a +0 dagger.
* * * LOW HITPOINT WARNING * * *
As you read the scroll of teleportation, it crumbles to dust.
You feel strangely unstable. The orc wizard casts a spell at you.
You are confused.
You closely miss the orc wizard. Your bite misses the orc wizard.
The orc wizard is heavily wounded.
The orc wizard points at you and mumbles some strange words.
The puff of flame misses you.
You hit the orc.
The orc is heavily wounded.
The orc hits you but does no damage. The orc wizard misses you.
The orc warrior hits you with a +0 battleaxe of freezing.
* * * LOW HITPOINT WARNING * * *
The orc warrior freezes you.
You die...

..#.......
#.........
#........ #...
#......# #...
#......##. #...
#.........
#...######.o.......
#.........o@.......
#.........o........
#.........####.....
#.....(............
#......)...........
#...)....).........
#....).............
#########.)......#
#(......).......


You could see an orc warrior, an orc wizard and an orc.

Vanquished Creatures
  Grinder (D:6)
  Prince Ribbit (D:6)
  Sigmund (D:4)
  A steam dragon (D:8)
  A water moccasin (D:8)
  A black bear (D:5)
  An orc warrior (D:6)
  A sky beast (D:7)
  An ogre (D:7)
  2 ice beasts (D:6)
  2 centaurs
  2 phantoms
  A necrophage (D:7)
  2 bullfrogs (D:7)
  A gnoll sergeant (D:5)
  4 scorpions
  The ghost of doricub5 the Trooper, a weakling MiBe of Trog (D:3)
  3 killer bees (D:8)
  3 howler monkeys (D:8)
  3 hounds
  2 jellies
  An orc priest (D:4)
  4 iguanas
  9 orc wizards
  11 gnolls
  7 adders
  A shadow imp (D:6)
  A white imp (D:7)
  3 dart slugs
  33 orcs
  14 ball pythons
  7 endoplasms
  7 giant cockroaches
  12 goblins
  12 hobgoblins
  10 jackals
  3 quokkas
  5 bats
  3 kobolds
  4 rats
182 creatures vanquished.

Vanquished Creatures (collateral kills)
  4 foxfires (D:5)
4 creatures vanquished.

Vanquished Creatures (others)
  757 foxfires
  2 fungi (D:8)
759 creatures vanquished.

Grand Total: 945 creatures vanquished

Notes
Turn   | Place    | Note
-------+----------+-------------------------------------------
     0 | D:1      | LustLizard the Gnoll Wanderer began the quest for the Orb.
     0 | D:1      | LustLizard set off with the following items: a +0 sling, a
                  | piece from Xom's chessboard (15/15), a scroll of blinking,
                  | a +0 robe; and the following spell memorised: Foxfire; and
                  | the following spells available to memorise: Conjure Flame,
                  | Ignite Poison.
     0 | D:1      | Reached XP level 1. HP: 13/13 MP: 8/8
   272 | D:1      | Reached XP level 2. HP: 19/19 MP: 7/10
   552 | D:1      | Reached XP level 3. HP: 25/25 MP: 9/11
   764 | D:1      | Learned a level 2 spell: Static Discharge
   964 | D:1      | Reached skill level 1 in Invocations
  1402 | D:2      | Reached skill level 1 in Fighting
  1402 | D:2      | Reached skill level 1 in Short Blades
  1402 | D:2      | Reached skill level 1 in Long Blades
  1402 | D:2      | Reached skill level 1 in Axes
  1402 | D:2      | Reached skill level 1 in Maces & Flails
  1402 | D:2      | Reached skill level 1 in Polearms
  1402 | D:2      | Reached skill level 1 in Staves
  1402 | D:2      | Reached skill level 1 in Throwing
  1402 | D:2      | Reached skill level 1 in Armour
  1402 | D:2      | Reached skill level 1 in Dodging
  1402 | D:2      | Reached skill level 1 in Stealth
  1402 | D:2      | Reached skill level 1 in Shields
  1402 | D:2      | Reached skill level 1 in Unarmed Combat
  1581 | D:2      | Reached XP level 4. HP: 32/32 MP: 10/13
  1887 | D:2      | Reached skill level 1 in Conjurations
  1887 | D:2      | Reached skill level 1 in Hexes
  1887 | D:2      | Reached skill level 1 in Summonings
  1887 | D:2      | Reached skill level 1 in Necromancy
  1887 | D:2      | Reached skill level 1 in Translocations
  1887 | D:2      | Reached skill level 1 in Transmutations
  1887 | D:2      | Reached skill level 1 in Ice Magic
  1887 | D:2      | Reached skill level 1 in Air Magic
  1887 | D:2      | Reached skill level 1 in Earth Magic
  1887 | D:2      | Reached skill level 1 in Poison Magic
  2365 | D:3      | Found a runed translucent gate.
  2365 | D:3      | Found a runed translucent gate.
  2366 | D:3      | Noticed doricub5's ghost (weakling MiBe)
  2381 | D:3      | Identified the +3 leather armour "Nitus" {Harm rF+++ MP-9
                  | Int-2}
  2382 | D:3      | Found a runed translucent gate.
  2455 | D:3      | Found a faded altar of an unknown god.
  2481 | D:3      | You fall into a shaft and drop 2 floors!
  2481 | D:5      | Entered Level 5 of the Dungeon
  2486 | D:5      | Noticed a scorpion
  2490 | D:5      | Noticed a gnoll sergeant
  2773 | D:3      | Reached XP level 5. HP: 31/37 MP: 12/14
  3435 | D:4      | Reached XP level 6. HP: 44/44 MP: 11/16
  3482 | D:4      | Noticed Sigmund
  3895 | D:4      | Killed Sigmund
  3990 | D:4      | Reached XP level 7. HP: 48/50 MP: 10/18
  4822 | D:5      | Reached XP level 8. HP: 46/58 MP: 10/19
  5017 | D:5      | Found Ixa Cicw's Antique Weapon Shoppe.
  5332 | D:6      | Noticed Grinder
  5344 | D:6      | Killed Grinder
  5793 | D:6      | Found a radiant altar of Vehumet.
  5885 | D:6      | Noticed Prince Ribbit
  5892 | D:6      | Killed Prince Ribbit
  6086 | D:6      | Found a staircase to the Ecumenical Temple.
  6201 | D:6      | Reached XP level 9. HP: 65/65 MP: 14/21
  6623 | D:3      | Killed doricub5's ghost
  7070 | Temple   | Entered the Ecumenical Temple
  7078 | Temple   | Became a worshipper of Ashenzari the Shackled
  7174 | D:7      | Reached skill level 5 in Ranged Weapons
  7267 | D:7      | Found Qivet's General Store.
  7594 | D:6      | Reached skill level 5 in Invocations
  8284 | D:8      | Learned a level 5 spell: Lightning Bolt
  8425 | D:8      | Reached skill level 5 in Fighting
  8425 | D:8      | Reached skill level 5 in Short Blades
  8425 | D:8      | Reached skill level 5 in Long Blades
  8425 | D:8      | Reached skill level 5 in Axes
  8425 | D:8      | Reached skill level 5 in Maces & Flails
  8425 | D:8      | Reached skill level 5 in Polearms
  8425 | D:8      | Reached skill level 5 in Staves
  8425 | D:8      | Reached skill level 5 in Throwing
  8425 | D:8      | Reached skill level 5 in Armour
  8425 | D:8      | Reached skill level 5 in Dodging
  8425 | D:8      | Reached skill level 5 in Stealth
  8425 | D:8      | Reached skill level 5 in Shields
  8425 | D:8      | Reached skill level 5 in Unarmed Combat
  8425 | D:8      | Reached XP level 10. HP: 9/74 MP: 0/22
  8431 | D:8      | HP: 2/74 [orc warrior/+0 battleaxe of freezing (6)]
  8431 | D:8      | Slain by an orc warrior

Illustrated notes

Levels and vault maps discovered:
D:1:      scummos_arrival_star, layout_loops_ring, eino_curves_02,
          hangedman_decor_growths
D:2:      layout_loops_ring
D:3:      layout_loops_cross, biasface_ghost_orc_armoury,
          hellmonk_ecumenical_altar_pennies_from_heaven, minivault_14
D:4:      layout_rooms, serial_corexii_hall, corexii_hall_statues_l,
          corexii_hall_statues_deadend, uniq_sigmund
D:5:      layout_cave_pools, serial_shops, nicolae_lakefront_shop,
          serial_park_tiny_pond, dreamdust_princess_bridge
D:6:      nicolae_BIG_FREAKIN_CUBE, layout_basic, nicolae_vehumet_radiance,
          temple_doors_e, kennysheep_potato, uniq_grinder, uniq_prince_ribbit1
D:7:      layout_cave_pools, serial_shops, shop, kennysheep_generic_room_7
D:8:      layout_basic, nzn_wu_jian_council_hall,
          chequers_temple_overflow_minitemple, enter_bailey_2,
          minmay_gold_behind_fungi, nicolae_diode_basic, uniq_erica
Temple:   compressed_dpeg_triangle_lava_temple

Skill      XL: |  1  2  3  4  5  6  7  8  9 |
---------------+----------------------------+-----
Invocations    | 1 2 3 4 5 |  5.4
Fighting       | 1 2 3 5 |  5.0
Short Blades   | 1 2 3 5 |  5.0
Long Blades    | 1 2 3 5 |  5.0
Axes           | 1 2 3 5 |  5.0
Maces & Flails | 1 2 3 5 |  5.0
Polearms       | 1 2 3 5 |  5.0
Staves         | 1 2 3 5 |  5.0
Throwing       | 1 2 3 5 |  5.0
Armour         | 1 2 3 5 |  5.0
Dodging        | 1 2 3 5 |  5.0
Stealth        | 1 2 3 5 |  5.0
Shields        | 1 2 3 5 |  5.0
Unarmed Combat | 1 2 3 5 |  5.0
Conjurations   | 1 2 3 4 |  4.1
Hexes          | 1 2 3 4 |  4.1
Summonings     | 1 2 3 4 |  4.1
Necromancy     | 1 2 3 4 |  4.1
Translocations | 1 2 3 4 |  4.1
Transmutations | 1 2 3 4 |  4.1
Ice Magic      | 1 2 3 4 |  4.1
Air Magic      | 1 2 3 4 |  4.1
Earth Magic    | 1 2 3 4 |  4.1
Poison Magic   | 1 2 3 4 |  4.1
Ranged Weapons | 3 4 5 |  5.6
Evocations     | 7 8 |  8.3
Fire Magic     | 6 |  6.9
Spellcasting   | 8 |  8.8

Action                   |  1- 3 |  4- 6 |  7- 9 | 10-12 || total
-------------------------+-------+-------+-------+-------++-------
Melee: Spear             |       |       |    43 |     4 ||    47
       Bite              |       |       |     7 |       ||     7
       Whip              |       |       |     6 |       ||     6
       Punch             |       |       |     2 |       ||     2
 Fire: Sling             |    47 |    67 |    11 |       ||   125
 Cast: Foxfire           |    47 |    85 |   290 |     1 ||   423
       Static Discharge  |     1 |       |     2 |       ||     3
Invok: Curse Item        |       |       |     1 |       ||     1
  Use: Scroll            |     1 |     4 |     7 |     2 ||    14
       Potion            |       |       |     1 |       ||     1
Armor: Robe              |     4 |       |    21 |     1 ||    26
       Ring mail         |     5 |    13 |       |       ||    18
Dodge: Dodged            |    19 |    32 |    54 |     2 ||   107
